[Event "Titled Tuesday Blitz April 11 Early 2023"]
[White "Shevtchenko, Olesya"]
[Black "Cornette, Matthieu"]
[WhiteFideId "24131890"]
[BlackFideId "620084"]
[WhiteElo "2003"]
[BlackElo "2478"]
[Result "0-1"]
[Round "05"]
[TimeControl "180+2"]
[Date "2023.04.11"]
[WhiteClock "0:00:02"]
[BlackClock "0:00:11"]

1. e4 Nf6 2. e5 Nd5 3. d4 d6 4. c4 Nb6 5. f4 g6 6. Be3 Bg7 7. Nc3 Be6 8. c5 Nd5 9. Nxd5 Bxd5 10. Nf3 O-O 11. Be2 Nc6 12. O-O f6 13. exd6 exd6 14. Qd2 Re8 15. Rae1 f5 16. b4 a6 17. Bf2 Qd7 18. Bd1 h6 19. Nh4 Qf7 20. Bc2 Bc4 21. Rxe8+ Rxe8 22. Re1 Rxe1+ 23. Qxe1 Nxd4 24. Bd1 dxc5 25. bxc5 Bf6 26. Nf3 Nxf3+ 27. Bxf3 Bd5 28. Qd1 Bxf3 29. Qxf3 Qxa2 30. g4 c6 31. g5 hxg5 32. fxg5 Bxg5 33. Qg3 Qa1+ 34. Kg2 Qf6 35. Qb8+ Qd8 36. Qxb7 Qd5+ 37. Kf1 Bf6 38. Qa8+ Kg7 39. Qxa6 Qh1+ 40. Ke2 Qe4+ 41. Kf1 f4 42. Qb7+ Kh6 43. Qc8 f3 44. Qh3+ Kg5 45. Qg3+ Kf5 46. Qh3+ Qg4 47. Qxg4+ Kxg4 48. Kg1 Be5 49. Kh1 Kh3 50. Kg1 Bxh2+ 51. Kh1 Bf4 52. Kg1 g5 53. Kh1 g4 54. Kg1 g3 55. Kh1 g2+ 0-1


[Site "https://www.chess.com"]

[Event "Titled Tuesday Blitz April 11 Early 2023"]
[White "Flores, Diego"]
[Black "Cori T., Deysi"]
[WhiteFideId "108049"]
[BlackFideId "3801934"]
[WhiteElo "2613"]
[BlackElo "2292"]
[Result "1-0"]
[Round "05"]
[TimeControl "180+2"]
[Date "2023.04.11"]
[WhiteClock "0:00:14"]
[BlackClock "0:00:11"]

1. c4 e6 2. d4 d5 3. Nc3 Nf6 4. Nf3 Be7 5. Bg5 O-O 6. e3 h6 7. Bh4 Ne4 8. Bxe7 Qxe7 9. Qc2 Nxc3 10. Qxc3 c6 11. Bd3 Nd7 12. O-O Re8 13. cxd5 exd5 14. b4 a5 15. bxa5 Nb8 16. Nd2 Qg5 17. Rfe1 Bh3 18. Bf1 Na6 19. Nf3 Qf6 20. Ne5 Bf5 21. Re2 Nc7 22. Rb2 Ra7 23. Rb6 Rea8 24. Qb4 Bc8 25. Rc1 Rxa5 26. Nxc6 Rxa2 27. Ne7+ Kh7 28. Rxf6 1-0


[Site "https://www.chess.com"]

[Event "Titled Tuesday Blitz April 11 Early 2023"]
[White "Urazayev, Arystanbek"]
[Black "Vakhidov, Shahzod"]
[WhiteFideId "13709810"]
[BlackFideId "14205270"]
[WhiteElo "2449"]
[BlackElo "2212"]
[Result "1-0"]
[Round "05"]
[TimeControl "180+2"]
[Date "2023.04.11"]
[WhiteClock "0:00:55"]
[BlackClock "0:00:55"]

1. d4 Nf6 2. c4 g6 3. Nc3 d5 4. cxd5 Nxd5 5. e4 Nxc3 6. bxc3 Bg7 7. Nf3 c5 8. Bb5+ Bd7 9. Be2 O-O 10. O-O Bg4 11. Rb1 cxd4 12. cxd4 Bxf3 13. Bxf3 Bxd4 14. Rxb7 Nc6 15. Bg5 Rb8 16. Rxb8 Qxb8 17. e5 Rd8 18. Qa4 Nxe5 19. Bxe7 Nxf3+ 20. gxf3 Qf4 21. Kg2 Rc8 22. Rd1 Qe5 23. Qd7 1-0


[Site "https://www.chess.com"]

[Event "Titled Tuesday Blitz April 11 Early 2023"]
[White "Kumala, Aleksander"]
[Black "Mahdavi, Reza"]
[WhiteFideId "1141880"]
[BlackFideId "12595926"]
[WhiteElo "2269"]
[BlackElo "2357"]
[Result "1-0"]
[Round "05"]
[TimeControl "180+2"]
[Date "2023.04.11"]
[WhiteClock "0:00:27"]
[BlackClock "0:01:16"]

1. d4 Nf6 2. Bg5 g6 3. Bxf6 exf6 4. c4 Bg7 5. g3 O-O 6. Bg2 d6 7. e3 c6 8. Ne2 Nd7 9. Nbc3 f5 10. O-O Nf6 11. Qd3 h5 12. h4 Bh6 13. b4 g5 14. hxg5 Bxg5 15. Nf4 h4 16. gxh4 Bxf4 17. exf4 Kh8 18. Rfe1 Rg8 19. Re3 Nh5 20. Ne2 Qf6 21. Kh1 Rg4 22. Rg1 Be6 23. d5 cxd5 24. cxd5 Bd7 25. Rh3 Rag8 26. Qe3 Re8 27. Qf3 Reg8 28. Bf1 Bb5 29. Ng3 Bxf1 30. Rxf1 Nxf4 31. Rh2 Rxh4 32. Qxf4 Rg4 33. Qxf5 Qh6 34. Qxg4 Rxh2+ 35. Kg1 Rh4 36. Qc8+ Kh7 37. Qf5+ Kg7 38. Re1 Rf4 39. Qxf4 1-0


[Site "https://www.chess.com"]

[Event "Titled Tuesday Blitz April 11 Early 2023"]
[White "Srihari L R"]
[Black "koncheto"]
[WhiteFideId "46617116"]
[WhiteElo "2334"]
[BlackElo "2555"]
[Result "1-0"]
[Round "05"]
[TimeControl "180+2"]
[Date "2023.04.11"]
[WhiteClock "0:00:23"]
[BlackClock "0:00:02"]

1. c4 Nf6 2. Nc3 e6 3. e4 d5 4. cxd5 exd5 5. e5 d4 6. exf6 dxc3 7. Bb5+ c6 8. Qe2+ Be6 9. Bc4 Qxf6 10. dxc3 Bd6 11. Nf3 O-O 12. Bxe6 fxe6 13. O-O Bc7 14. Re1 Re8 15. Bg5 Qf7 16. Bh4 Nd7 17. Rad1 h6 18. Bg3 Nf6 19. Bxc7 Qxc7 20. Nd4 Rad8 21. Nxe6 Rxd1 22. Qxd1 Qe7 23. Re2 Qf7 24. Qe1 Ng4 25. f3 Nf6 26. a3 Nd5 27. Nd4 Rxe2 28. Qxe2 Nf4 29. Qe4 c5 30. Nf5 Qe6 31. Qxe6+ Nxe6 32. Nd6 Nd8 33. Kf2 Kf8 34. Ke3 Ke7 35. Nc8+ Ke6 36. Nxa7 Kd5 37. Kd3 Ne6 38. c4+ Ke5 39. g3 Nd4 40. f4+ Kf5 41. b4 b6 42. Nc8 Nf3 43. Nxb6 cxb4 44. axb4 Nxh2 45. c5 Ke6 46. c6 Kd6 47. b5 h5 48. Nc4+ Kc7 49. Kd4 Nf1 50. Kc5 Nxg3 51. b6+ Kc8 52. Nd6+ Kb8 53. c7+ Ka8 54. c8=Q# 1-0


[Site "https://www.chess.com"]

[Event "Titled Tuesday Blitz April 11 Early 2023"]
[White "Yelisieiev, Yevhenii"]
[Black "Hambleton, Aman"]
[WhiteFideId "14139642"]
[BlackFideId "2606577"]
[WhiteElo "2425"]
[BlackElo "2511"]
[Result "1/2-1/2"]
[Round "05"]
[TimeControl "180+2"]
[Date "2023.04.11"]
[WhiteClock "0:01:16"]
[BlackClock "0:00:04"]

1. d4 Nf6 2. Nf3 e6 3. c4 b6 4. Nc3 Bb7 5. e3 Bb4 6. Bd3 O-O 7. Qc2 c5 8. Bd2 cxd4 9. exd4 d5 10. a3 dxc4 11. Bxc4 Bxc3 12. Bxc3 Ba6 13. Bxa6 Nxa6 14. O-O Rc8 15. Qa4 Nc7 16. Qxa7 Nb5 17. Qa6 Nxc3 18. bxc3 Rxc3 19. Rfb1 Nd5 20. h3 Qa8 21. Qxa8 Rxa8 22. a4 Rc4 23. Ne5 Rcxa4 24. Rxa4 Rxa4 25. Nd7 Ra6 26. Rc1 h6 27. Rc8+ Kh7 28. Nf8+ Kg8 29. Nxe6+ Kh7 30. Nf8+ Kg8 31. Rd8 Nf6 32. Ng6+ Kh7 33. Nf8+ Kg8 34. Nd7+ Kh7 35. Ne5 Ra7 36. Rb8 Ra1+ 37. Kh2 Rd1 38. Rxb6 Rxd4 39. Nxf7 Rd2 40. f3 Nd5 41. Rd6 Rd1 42. Ne5 Ne3 43. Rxd1 Nxd1 44. Kg3 Ne3 45. Kf2 Nf5 46. g4 Nd4 47. Ke3 Ne6 48. f4 Kg8 49. f5 Ng5 50. h4 Nh7 51. Kd4 Nf6 52. Kc5 Kf8 53. Kd6 Ne4+ 54. Ke6 Ng3 55. Ng6+ Kg8 56. Ne7+ Kf8 57. Nd5 Ne4 58. Ke5 Nf2 59. g5 hxg5 60. hxg5 Nh3 61. g6 Nf2 62. Nf4 Ng4+ 63. Kd6 Kg8 64. Ke7 Ne3 65. Ke6 Ng4 66. Nd3 Ne3 67. Ne5 Ng2 68. Nd7 Nf4+ 69. Ke7 Nd5+ 70. Kd6 Ne3 71. Ke5 Nc4+ 72. Kf4 Nd6 73. Nc5 Nc4 74. Ne6 Nd6 75. Kg5 Ne4+ 76. Kf4 Nd6 77. Ke5 Nc4+ 78. Kd5 Ne3+ 79. Ke4 Nc4 80. Nf4 Nd6+ 81. Ke5 Nc4+ 82. Ke6 Ne3 83. f6 gxf6 84. Kxf6 Ng4+ 85. Kg5 Ne5 86. Nd5 Kg7 87. Nf6 Nxg6 1/2-1/2


[Site "https://www.chess.com"]

[Event "Titled Tuesday Blitz April 11 Early 2023"]
[White "Dominguez Pons, Eric"]
[Black "Dehtiarov, Roman"]
[WhiteFideId "2262916"]
[BlackFideId "14186640"]
[WhiteElo "2302"]
[BlackElo "2189"]
[Result "0-1"]
[Round "05"]
[TimeControl "180+2"]
[Date "2023.04.11"]
[WhiteClock "0:00:20"]
[BlackClock "0:01:27"]

1. d4 Nf6 2. Nf3 e6 3. e3 d5 4. Bd3 c5 5. c3 Nc6 6. Nbd2 Bd6 7. O-O O-O 8. Qe2 e5 9. dxc5 Bxc5 10. e4 d4 11. cxd4 Bxd4 12. h3 Nh5 13. Nb3 Ng3 14. Qd1 Nxf1 15. Nbxd4 Nxd4 16. Nxe5 Qd6 17. Bf4 g5 18. Bc4 gxf4 19. Qh5 Qf6 20. Rxf1 Be6 21. Bd3 Kh8 22. Rd1 Rad8 23. Kh2 Rg8 24. h4 Qg7 25. Bf1 f6 26. Nd3 Bg4 0-1


[Site "https://www.chess.com"]

[Event "Titled Tuesday Blitz April 11 Early 2023"]
[White "Ilkhomi, Jaloliddin"]
[Black "Rangel, Daniel"]
[WhiteFideId "14700948"]
[BlackFideId "2124475"]
[WhiteElo "2045"]
[BlackElo "2256"]
[Result "1-0"]
[Round "05"]
[TimeControl "180+2"]
[Date "2023.04.11"]
[WhiteClock "0:01:21"]
[BlackClock "0:00:26"]

1. Nf3 Nf6 2. c4 e6 3. g3 d5 4. Bg2 Be7 5. O-O O-O 6. d4 a5 7. Ne5 c6 8. cxd5 exd5 9. a4 Na6 10. Nc3 Nb4 11. Bg5 Bf5 12. Bxf6 Bxf6 13. e4 dxe4 14. Nxe4 Bxe4 15. Bxe4 Re8 16. Re1 Qd6 17. Bxh7+ Kxh7 18. Qh5+ Kg8 19. Qxf7+ Kh7 20. Qg6+ Kg8 21. Ng4 Rxe1+ 22. Rxe1 Kh8 23. h4 Rf8 24. h5 Nd5 25. h6 Ne7 26. hxg7+ Bxg7 27. Qxd6 1-0


[Site "https://www.chess.com"]

[Event "Titled Tuesday Blitz April 11 Early 2023"]
[White "Huber, Benedikt"]
[Black "Liyanage, Ranindu Dilshan"]
[WhiteFideId "12923583"]
[BlackFideId "9915834"]
[WhiteElo "2199"]
[BlackElo "2199"]
[Result "0-1"]
[Round "05"]
[TimeControl "180+2"]
[Date "2023.04.11"]
[WhiteClock "0:00:04"]
[BlackClock "0:00:06"]

1. d4 Nf6 2. Nc3 d5 3. Bf4 e6 4. Nb5 Na6 5. e3 Be7 6. Nf3 O-O 7. Be2 Nh5 8. Be5 f6 9. Bg3 c6 10. Nc3 c5 11. Nd2 Nxg3 12. hxg3 c4 13. e4 Nc7 14. Bf3 b5 15. exd5 exd5 16. a4 b4 17. Ne2 Bd6 18. Nf4 Re8+ 19. Kf1 Bxf4 20. gxf4 Qd6 21. g3 Bf5 22. Kg2 Rab8 23. Nf1 Be4 24. Ne3 Bxf3+ 25. Qxf3 Re4 26. Qh5 h6 27. Nf5 Qd7 28. Qg6 Kf8 29. Rxh6 gxh6 30. Qxh6+ Kf7 31. Qg7+ Ke6 32. Qg4 Qc8 33. Rh1 Qg8 34. Ng7+ Kd6 35. Rh6 Ne8 36. Rg6 Qf7 37. Qf5 Nxg7 38. Qg4 Ne6 39. Qh4 Qe7 40. Rxf6 Re8 41. f5 Kd7 42. fxe6+ Rxe6 43. Qh5 Qxf6 44. Qxd5+ Rd6 45. Qb7+ Kd8 46. Qb8+ Ke7 47. Qb7+ Kf8 48. d5 Qe5 49. Qh7 Qxd5+ 50. Kh2 Qf7 51. Qh8+ Ke7 52. Qh4+ Rf6 0-1


[Site "https://www.chess.com"]

[Event "Titled Tuesday Blitz April 11 Early 2023"]
[White "Bochnicka, Vladimir"]
[Black "Cherniaiev, Tykhon"]
[WhiteFideId "14943450"]
[BlackFideId "14182360"]
[WhiteElo "2094"]
[BlackElo "2450"]
[Result "0-1"]
[Round "05"]
[TimeControl "180+2"]
[Date "2023.04.11"]
[WhiteClock "0:00:01"]
[BlackClock "0:00:04"]

1. e4 e5 2. Nf3 Nc6 3. Bc4 Bc5 4. c3 Nf6 5. d3 O-O 6. Nbd2 d6 7. Nf1 a6 8. Bb3 Be6 9. Ng3 Ba7 10. O-O h6 11. h3 Qd7 12. Nh4 Ne7 13. Qf3 Kh7 14. Bc2 c5 15. Be3 Rac8 16. Rad1 b5 17. Bb1 Nc6 18. Nhf5 Ng8 19. Rfe1 g6 20. d4 cxd4 21. cxd4 exd4 22. Nxd4 Ne5 23. Qe2 Bc4 24. Qd2 Rcd8 25. b3 Bxd4 26. Bxd4 Be6 27. f4 Nc6 28. Bb2 Qa7+ 29. Kh1 d5 30. Qe2 dxe4 31. Nxe4 Bd5 32. f5 Rfe8 33. Qg4 Ne5 34. Bxe5 Rxe5 0-1


[Site "https://www.chess.com"]

[Event "Titled Tuesday Blitz April 11 Early 2023"]
[White "Rohith Krishna S"]
[Black "Marcziter, Dmitrii"]
[WhiteFideId "46617051"]
[BlackFideId "13900765"]
[WhiteElo "2270"]
[BlackElo "2162"]
[Result "1-0"]
[Round "05"]
[TimeControl "180+2"]
[Date "2023.04.11"]
[WhiteClock "0:00:53"]
[BlackClock "0:00:20"]

1. d4 d5 2. c4 e6 3. Nc3 c5 4. cxd5 exd5 5. Nf3 Nc6 6. e3 Nf6 7. a3 c4 8. Be2 Bd6 9. O-O O-O 10. b3 Na5 11. bxc4 Nxc4 12. Nxd5 Bxh2+ 13. Nxh2 Qxd5 14. Rb1 Nb6 15. a4 Bf5 16. Rb5 Qd7 17. Ba3 Rfe8 18. Qb3 Ne4 19. Bb4 Be6 20. Qb1 Bd5 21. a5 Nc4 22. Rxd5 Qxd5 23. Qa2 Nxe3 24. Qxd5 Nxd5 25. Be1 Nf4 26. Bf3 Rad8 27. Ng4 Rxd4 28. Ne3 Nd3 29. Nf5 Rd5 30. Ng3 f5 31. Bd2 Rb5 32. Nxe4 fxe4 33. Bg4 Ne5 34. Bh3 Rd8 35. Bf4 Rxa5 36. Rb1 b6 37. Bg3 Rad5 38. Rb4 Nd3 39. Rxe4 a5 40. Re7 a4 41. Bc7 Ra8 42. Be6+ Kf8 43. Rf7+ Ke8 44. Bxd5 a3 45. Rxg7 a2 46. Rg8+ Kd7 47. Rxa8 Kxc7 48. Bxa2 Kd6 49. Ra3 Kc5 50. Rxd3 1-0


[Site "https://www.chess.com"]

[Event "Titled Tuesday Blitz April 11 Early 2023"]
[White "Wong, Yinn Long"]
[Black "Haub, Thorsten Michael"]
[WhiteFideId "5707684"]
[BlackFideId "4610776"]
[WhiteElo "2271"]
[BlackElo "2344"]
[Result "1-0"]
[Round "05"]
[TimeControl "180+2"]
[Date "2023.04.11"]
[WhiteClock "0:00:08"]
[BlackClock "0:00:17"]

1. b3 d6 2. Bb2 e5 3. d3 Nf6 4. c4 g6 5. g3 Bg7 6. Bg2 O-O 7. Qc2 Qe7 8. a3 Nc6 9. Nd2 a5 10. e3 Nh5 11. Ne2 f5 12. Bd5+ Kh8 13. O-O-O Be6 14. Nc3 Nf6 15. Bxe6 Qxe6 16. Rhe1 d5 17. cxd5 Nxd5 18. Nxd5 Qxd5 19. Qc4 Qd6 20. f4 Rfd8 21. Nf3 Rd7 22. Kc2 Rb8 23. fxe5 Nxe5 24. Nxe5 Bxe5 25. Bxe5+ Qxe5 26. Qc3 Qxc3+ 27. Kxc3 Re8 28. Rb1 b6 29. b4 axb4+ 30. axb4 Rde7 31. Kd2 Kg7 32. Rbc1 Rd8 33. Rc3 Rdd7 34. Ra1 g5 35. Rc6 Rf7 36. Rf1 Rf6 37. Rxf6 Kxf6 38. e4 f4 39. gxf4 gxf4 40. Rxf4+ Ke6 41. Ke3 Rg7 42. Rh4 Kd6 43. Kd4 Kc6 44. Kc4 b5+ 45. Kd4 Kb6 46. Rh6+ c6 47. h3 Kb7 48. e5 Rd7+ 49. Ke4 Kc7 50. e6 Rg7 51. Ke5 c5 52. Kf6 Rg3 53. Rxh7+ Kc6 54. bxc5 b4 55. Rh8 Rxd3 56. e7 Rf3+ 57. Kg5 Re3 58. e8=Q+ 1-0


[Site "https://www.chess.com"]

[Event "Titled Tuesday Blitz April 11 Early 2023"]
[White "Csonka, Balazs"]
[Black "Arat, Ufuk Sezen"]
[WhiteFideId "742910"]
[BlackFideId "6309089"]
[WhiteElo "2404"]
[BlackElo "2289"]
[Result "1-0"]
[Round "05"]
[TimeControl "180+2"]
[Date "2023.04.11"]
[WhiteClock "0:00:07"]
[BlackClock "0:00:10"]

1. d4 d5 2. c4 Nf6 3. cxd5 g6 4. Nc3 Nxd5 5. e4 Nxc3 6. bxc3 Bg7 7. Bc4 c5 8. Ne2 O-O 9. O-O Nc6 10. Be3 Bg4 11. f3 Bd7 12. Rb1 Qc7 13. Bf4 Qc8 14. Rc1 Na5 15. Bd3 b5 16. Qd2 Rd8 17. Bh6 Nc4 18. Bxc4 bxc4 19. Bxg7 Kxg7 20. d5 Qc7 21. Qe3 Rab8 22. f4 Rb2 23. f5 Qe5 24. Ng3 Rf8 25. Rf4 Rxa2 26. Rh4 Kg8 27. Rf1 Qg7 28. Qxc5 Qxc3 29. fxg6 fxg6 30. Rxf8+ Kxf8 31. Rf4+ Ke8 32. Qc7 Qd4+ 33. Kh1 Ra1+ 34. Nf1 Qb6 35. Qe5 Rxf1+ 36. Rxf1 Bc8 37. h3 Kd7 38. Rf7 Qd6 39. Qd4 Bb7 40. Qxa7 Qc7 41. Qa3 Ke8 42. Rf3 Qb6 43. Rc3 Qb1+ 44. Kh2 Qxe4 45. Qa4+ Kf7 46. Qxc4 Qe5+ 47. Kh1 Bxd5 48. Qc5 Qe1+ 49. Kh2 Qe5+ 50. Kg1 Qe1+ 51. Kh2 Qe5+ 52. Rg3 h5 53. Qf2+ Kg7 54. h4 Qd6 55. Kg1 Be6 56. Rg5 Qd1+ 57. Kh2 Qd6+ 58. Qg3 Bf7 59. Qxd6 exd6 60. Kg3 d5 61. Kf4 Kf6 62. Rg3 Be6 63. Ra3 Bf7 64. Ra6+ Be6 65. Rd6 Ke7 66. Ke5 Bf7 67. Ra6 Kf8 68. Kf6 Be8 69. Ra8 d4 70. Rd8 d3 71. g3 d2 72. Rxd2 Bc6 73. Rd8+ Be8 74. Rc8 g5 75. hxg5 h4 76. gxh4 Kg8 77. g6 Kf8 78. h5 1-0


[Site "https://www.chess.com"]

[Event "Titled Tuesday Blitz April 11 Early 2023"]
[White "Averjanov, Alexey"]
[Black "ilya2700"]
[WhiteFideId "14109867"]
[WhiteElo "2731"]
[BlackElo "2283"]
[Result "1/2-1/2"]
[Round "05"]
[TimeControl "180+2"]
[Date "2023.04.11"]
[WhiteClock "0:01:34"]
[BlackClock "0:01:37"]

1. d4 Nf6 2. c4 g6 3. Nc3 Bg7 4. e4 d6 5. Be2 O-O 6. Nf3 c5 7. d5 e6 8. O-O exd5 9. exd5 Bf5 10. h3 Re8 11. Bd3 Ne4 12. Nxe4 Bxe4 13. Bxe4 Rxe4 14. Qc2 Re8 15. Bg5 Qc7 16. Rae1 Nd7 17. b3 Ne5 18. Nxe5 Bxe5 19. Bh6 a6 20. a4 Rab8 21. Re2 b5 22. axb5 axb5 23. Rfe1 bxc4 24. bxc4 Qd7 25. Kf1 f5 26. Qd3 Bd4 27. Bg5 Rxe2 28. Qxe2 Rb2 29. Qe8+ Qxe8 30. Rxe8+ Kf7 31. Re7+ Kg8 32. Re8+ Kf7 33. Re7+ Kg8 34. Re8+ 1/2-1/2


[Site "https://www.chess.com"]

[Event "Titled Tuesday Blitz April 11 Early 2023"]
[White "Keymer, Vincent"]
[Black "La Villa Rivas, Marlon Javier"]
[WhiteFideId "12940690"]
[BlackFideId "3519546"]
[WhiteElo "2651"]
[BlackElo "2135"]
[Result "1-0"]
[Round "05"]
[TimeControl "180+2"]
[Date "2023.04.11"]
[WhiteClock "0:01:26"]
[BlackClock "0:00:48"]

1. a3 d5 2. Nf3 c5 3. b4 e6 4. bxc5 Bxc5 5. e3 Nf6 6. d4 Be7 7. c4 dxc4 8. Bxc4 O-O 9. O-O Nbd7 10. Qe2 b6 11. e4 Bb7 12. Nbd2 Rc8 13. Bd3 Qc7 14. Bb2 e5 15. dxe5 Ng4 16. Nc4 b5 17. Nd6 Bxd6 18. exd6 Qxd6 19. Rad1 Qg6 20. h3 Nh6 21. Bxb5 Nc5 22. Ne5 Qxe4 23. Qxe4 Nxe4 24. Rfe1 Rc2 25. Bd4 Nf5 26. Bxa7 Nc3 27. Bd3 Ne3 28. Bxe3 1-0


[Site "https://www.chess.com"]

[Event "Titled Tuesday Blitz April 11 Early 2023"]
[White "Kalashian, David"]
[Black "Kukhmazov, Arsen"]
[WhiteFideId "13302418"]
[BlackFideId "24108260"]
[WhiteElo "2490"]
[BlackElo "2396"]
[Result "0-1"]
[Round "05"]
[TimeControl "180+2"]
[Date "2023.04.11"]
[WhiteClock "0:00:03"]
[BlackClock "0:00:52"]

1. d4 d5 2. Nf3 Nf6 3. c4 c6 4. Qc2 g6 5. g3 Bg7 6. Bg2 O-O 7. O-O Bf5 8. Qb3 Qb6 9. Nc3 Rd8 10. Bf4 Na6 11. c5 Qxb3 12. axb3 Ne4 13. Ra4 f6 14. Rfa1 e5 15. Rxa6 bxa6 16. dxe5 Nxc5 17. b4 Ne6 18. Rxa6 d4 19. Na4 Be4 20. exf6 Bxf6 21. Ne5 Bxg2 22. Kxg2 Nxf4+ 23. gxf4 Bxe5 24. fxe5 Rab8 25. Nc5 Rxb4 26. Nd3 Rc4 27. Rxa7 Rc2 28. Nf4 Re8 29. e6 Rxb2 30. h4 Rb5 31. Rc7 Rf5 32. Kg3 c5 33. Kg4 Ref8 34. e3 dxe3 35. fxe3 Re5 36. Kf3 Rxe6 37. Rxc5 Ref6 38. Kg4 R8f7 39. Rc8+ Kg7 40. Rc3 Re7 41. h5 Re5 42. hxg6 hxg6 43. Rc7+ Kh6 44. Rc3 g5 45. Ng2 Re4+ 46. Kg3 Kh5 47. Rc8 Rg4+ 48. Kh3 Rf3+ 49. Kh2 Rf2 50. Rh8+ Kg6 51. Rg8+ Kh7 0-1


[Site "https://www.chess.com"]

[Event "Titled Tuesday Blitz April 11 Early 2023"]
[White "Borgaonkar Akshay"]
[Black "Siva Mahadevan"]
[WhiteFideId "25639110"]
[BlackFideId "25043153"]
[WhiteElo "2063"]
[BlackElo "2249"]
[Result "1/2-1/2"]
[Round "05"]
[TimeControl "180+2"]
[Date "2023.04.11"]
[WhiteClock "0:00:42"]
[BlackClock "0:00:13"]

1. e4 c5 2. Nf3 Nc6 3. b4 cxb4 4. d4 d6 5. Bb2 Nf6 6. d5 Nb8 7. e5 dxe5 8. Nxe5 Qxd5 9. Nd2 Be6 10. Be2 Nc6 11. Bf3 Qb5 12. Be2 Qb6 13. Ndc4 Qc7 14. Qd2 Rd8 15. Qe3 Bxc4 16. Nxc4 e6 17. O-O Be7 18. Ne5 O-O 19. Bd3 Bd6 20. Nxc6 bxc6 21. Bxf6 gxf6 22. Qh6 f5 23. Qg5+ Kh8 24. Qf6+ Kg8 25. Qg5+ Kh8 26. Qf6+ Kg8 27. Qg5+ 1/2-1/2


[Site "https://www.chess.com"]

[Event "Titled Tuesday Blitz April 11 Early 2023"]
[White "Arabidze, Meri"]
[Black "Goltsev, Dmitry"]
[WhiteFideId "13604040"]
[BlackFideId "24176710"]
[WhiteElo "2405"]
[BlackElo "2336"]
[Result "0-1"]
[Round "05"]
[TimeControl "180+2"]
[Date "2023.04.11"]
[WhiteClock "0:00:02"]
[BlackClock "0:00:12"]

1. d4 Nf6 2. Nf3 e6 3. g3 b6 4. Bg2 Bb7 5. O-O Be7 6. Re1 O-O 7. c4 a5 8. Nc3 d6 9. e4 Nbd7 10. h3 e5 11. Be3 Nxe4 12. Nd5 Nef6 13. dxe5 Nxd5 14. cxd5 Nxe5 15. Nd4 Bf6 16. Rc1 Re8 17. b3 Ba6 18. Bf1 Bxf1 19. Rxf1 Qd7 20. Kg2 Ng6 21. Nc6 Re4 22. Qd3 Rae8 23. Rc2 Qf5 24. Rd1 Bg5 25. Bxg5 Qxg5 26. Kf1 Qf5 27. Kg2 Qg5 28. Kf1 Qh5 29. Kg2 h6 30. Rdd2 Qg5 31. Kh2 Re1 32. Nd4 Nf4 33. Qf3 Nxd5 34. Nb5 R8e5 35. Nxc7 Nxc7 36. Rxd6 Ne8 37. Rc8 Kh7 38. Rdd8 Qf6 39. Qd3+ Qg6 40. Qxg6+ Kxg6 41. Kg2 Nf6 42. a4 R5e2 43. Rc6 Re6 44. Rdc8 Rxc6 45. Rxc6 Re6 46. Rc4 Nd5 47. Kf3 Kf6 48. h4 Ke5 49. Re4+ Kd6 50. Rg4 g6 51. h5 g5 52. Rc4 Rf6+ 53. Kg2 Re6 54. Rc8 Ke5 55. Rc4 Rf6 56. Rc8 Nb4 57. Rb8 Kd4 58. Rd8+ Kc3 59. f4 gxf4 60. gxf4 Rxf4 61. Rd6 f6 62. Kg3 Rf5 63. Rxb6 Kxb3 64. Kg4 Rg5+ 65. Kh4 Kxa4 66. Rxf6 Rg1 67. Rxh6 Rh1+ 68. Kg5 Kb3 69. Rh8 a4 70. Ra8 a3 71. h6 a2 72. Kg6 Rg1+ 73. Kf7 Rh1 74. Kg7 Rg1+ 75. Kf7 Nc6 76. h7 Ne5+ 77. Kf8 a1=Q 78. Rxa1 Rxa1 79. h8=Q Ng6+ 80. Kg7 Nxh8 81. Kxh8 Ra7 0-1


[Site "https://www.chess.com"]

[Event "Titled Tuesday Blitz April 11 Early 2023"]
[White "wqws"]
[Black "Molina, Roberto Junio Brito"]
[BlackFideId "2109450"]
[WhiteElo "2611"]
[BlackElo "2376"]
[Result "0-1"]
[Round "05"]
[TimeControl "180+2"]
[Date "2023.04.11"]
[WhiteClock "0:01:09"]
[BlackClock "0:01:28"]

1. e4 c6 2. d4 d5 3. e5 Bf5 4. Nd2 e6 5. Nb3 Nd7 6. Nf3 Bg6 7. Be2 Ne7 8. O-O Nf5 9. c3 Be7 10. Ne1 a6 11. Nd3 O-O 12. g3 b6 13. h4 h6 14. Nf4 Bh7 15. Nd2 c5 16. Nf3 c4 17. Kg2 g5 18. hxg5 hxg5 19. Nh5 Bg6 20. Rh1 Ng7 21. Nxg7 Kxg7 22. g4 Rh8 23. Be3 Be4 24. Kg3 f6 25. exf6+ Nxf6 26. Bxg5 Bd6+ 27. Ne5 Rxh1 28. Qxh1 Bxh1 29. Rxh1 Ne4+ 0-1


[Site "https://www.chess.com"]

[Event "Titled Tuesday Blitz April 11 Early 2023"]
[White "Skliarov, Viktor"]
[Black "Bacallao Alonso, Yusnel"]
[WhiteFideId "14106736"]
[BlackFideId "3507416"]
[WhiteElo "2317"]
[BlackElo "2561"]
[Result "1-0"]
[Round "05"]
[TimeControl "180+2"]
[Date "2023.04.11"]
[WhiteClock "0:00:07"]
[BlackClock "0:00:03"]

1. e4 c6 2. d4 d5 3. e5 c5 4. dxc5 e6 5. a3 Bxc5 6. b4 Be7 7. Qg4 g5 8. h4 h5 9. Qg3 g4 10. Bd3 a5 11. b5 Nd7 12. Ne2 Qc7 13. Bb2 Nc5 14. Nd4 Nh6 15. a4 Bd7 16. Nd2 Rc8 17. N2b3 Nxd3+ 18. cxd3 Bb4+ 19. Ke2 Nf5 20. Qf4 f6 21. Rac1 Qxe5+ 22. Qxe5 fxe5 23. Rxc8+ Bxc8 24. Nxf5 exf5 25. Bxe5 O-O 26. f4 gxf3+ 27. gxf3 Kf7 28. Rc1 Ke6 29. f4 Bd6 30. Nd4+ Kd7 31. Rg1 Rf7 32. Rg8 Bc5 33. Nf3 b6 34. d4 Be7 35. Ng5 Rf8 36. Rg7 Ke8 37. Nh7 Rf7 38. Rg8+ Kd7 39. Ng5 Rf8 40. Rg6 Kd8 41. Rxb6 1-0


[Site "https://www.chess.com"]

[Event "Titled Tuesday Blitz April 11 Early 2023"]
[White "Ioannidis, Evgenios"]
[Black "Chylewski, Patryk"]
[WhiteFideId "4229274"]
[BlackFideId "1186191"]
[WhiteElo "2386"]
[BlackElo "2163"]
[Result "1-0"]
[Round "05"]
[TimeControl "180+2"]
[Date "2023.04.11"]
[WhiteClock "0:01:15"]
[BlackClock "0:00:02"]

1. d4 Nf6 2. c4 e6 3. Nc3 Bb4 4. Qc2 O-O 5. e4 d5 6. e5 Ne4 7. Bd3 c5 8. Nf3 cxd4 9. Nxd4 Qh4 10. Nf3 Qg4 11. O-O Bxc3 12. bxc3 f5 13. exf6 Nxf6 14. h3 Qh5 15. Ba3 Re8 16. Rfe1 Bd7 17. Ne5 Nc6 18. Nxd7 Nxd7 19. Be2 Qf7 20. Bd6 Nf6 21. Rab1 Ne4 22. Bg3 Nxg3 23. fxg3 Rad8 24. Rf1 Qe7 25. Bd3 g6 26. Kh2 Ne5 27. cxd5 exd5 28. Rbe1 Qc7 29. Bb5 Rf8 30. Qe2 Rxf1 31. Qxf1 a6 32. Qf6 axb5 33. Rxe5 Rf8 34. Qe6+ Qf7 35. Qxd5 Qxd5 36. Rxd5 Rc8 37. Rxb5 Rxc3 38. Rxb7 Ra3 39. Rb2 Kg7 40. Rf2 Kh6 41. g4 Kg5 42. Kg1 Kh4 43. Kf1 1-0


[Site "https://www.chess.com"]

[Event "Titled Tuesday Blitz April 11 Early 2023"]
[White "Janaszak, Dawid"]
[Black "Yuan, Qingyu"]
[WhiteFideId "1119206"]
[BlackFideId "8609772"]
[WhiteElo "2220"]
[BlackElo "2359"]
[Result "0-1"]
[Round "05"]
[TimeControl "180+2"]
[Date "2023.04.11"]
[WhiteClock "0:00:05"]
[BlackClock "0:00:49"]

1. e4 e5 2. Nf3 Nc6 3. d4 exd4 4. Nxd4 Nf6 5. Nxc6 bxc6 6. Nd2 d5 7. exd5 cxd5 8. Bb5+ Bd7 9. Bxd7+ Qxd7 10. O-O Be7 11. b3 O-O 12. Bb2 c5 13. c4 d4 14. Qf3 Bd6 15. Rfe1 Rae8 16. h3 a5 17. Rab1 h6 18. Ba3 Bb8 19. g3 Bd6 20. Kg2 h5 21. Ne4 Nxe4 22. Rxe4 Rxe4 23. Qxe4 Re8 24. Qd5 Re5 25. Qa8+ Kh7 26. Qf3 Qe6 27. Bc1 Re1 28. Qd3+ Qg6 29. Qxg6+ Kxg6 30. Ra1 d3 31. g4 hxg4 32. hxg4 d2 0-1


[Site "https://www.chess.com"]